PAAA
NAPERVILLE BATTLEKINGS @ PHOENIX HOTSPUR RESERVES
06/16/2029
 
TOP OF THE 1ST
Naperville Battlekings batting - Pitching for Phoenix Hotspur Reserves : RHP Titus Parson
Pitching: RHP Titus Parson
Batting: LHB Arthur Ryan 0-0: Ball
1-0: Foul Ball, location: 2F
1-1: Ball
2-1: Ground out 5-3 (Groundball, 2L)
Batting: LHB Ferris Minor 0-0: Ball
1-0: Foul Ball, location: 2F
1-1: Fly out, F8 (Flyball, 8LD)
Batting: RHB Bill Rinck 0-0: Ground out 4-3 (Groundball, 34)
Top of the 1st over - 0 runs, 0 hits, 0 errors, 0 left on base; Naperville 0 - Phoenix 0
BOTTOM OF THE 1ST
Phoenix Hotspur Reserves batting - Pitching for Naperville Battlekings : RHP Jordan Turpin
Pitching: RHP Jordan Turpin
Batting: SHB Roberto López 0-0: Ground out 6-3 (Groundball, 6)
Batting: RHB Rubén Andrada 0-0: Ball
1-0: Ball
2-0: Called Strike
2-1: Swinging Strike
2-2: Ground out 5-3 (Groundball, 56)
Batting: LHB Clark Espinosa 0-0: Ball
1-0: Called Strike
1-1: Swinging Strike
1-2: Strikes out swinging
Bottom of the 1st over - 0 runs, 0 hits, 0 errors, 0 left on base; Naperville 0 - Phoenix 0
TOP OF THE 2ND
Naperville Battlekings batting - Pitching for Phoenix Hotspur Reserves : RHP Titus Parson
Batting: LHB Juan Villanueva 0-0: Ball
1-0: Foul Ball, location: 2F
1-1: Ball
2-1: Swinging Strike
2-2: Ball
3-2: Fly out, F7 (Flyball, 78M)
Batting: RHB Jorge Baker 0-0: Ball
1-0: Ball
2-0: Fly out, F8 (Line Drive, 8RS)
Batting: LHB Philip Strickland 0-0: Swinging Strike
0-1: Ball
1-1: Swinging Strike
1-2: Ball
2-2: Ball
3-2: Foul Ball, location: 2F
3-2: Strikes out swinging
Top of the 2nd over - 0 runs, 0 hits, 0 errors, 0 left on base; Naperville 0 - Phoenix 0
BOTTOM OF THE 2ND
Phoenix Hotspur Reserves batting - Pitching for Naperville Battlekings : RHP Jordan Turpin
Batting: LHB Harumi Takaki 0-0: Fly out, F3 (Popup, 3SF)
Batting: RHB Júlio Mateo 0-0: Called Strike
0-1: Ball
1-1: Foul Ball, location: 2F
1-2: Foul Ball, location: 2F
1-2: Ball
2-2: Ball
3-2: Foul Ball, location: 2F
3-2: Foul Ball, location: 2F
3-2: Foul Ball, location: 2F
3-2: Strikes out swinging
Batting: RHB Bob Curry 0-0: Ball
1-0: Ball
2-0: Called Strike
2-1: Called Strike
2-2: Foul Ball, location: 2F
2-2: Strikes out looking
Bottom of the 2nd over - 0 runs, 0 hits, 0 errors, 0 left on base; Naperville 0 - Phoenix 0
TOP OF THE 3RD
Naperville Battlekings batting - Pitching for Phoenix Hotspur Reserves : RHP Titus Parson
Batting: RHB Hirohisa Ogasawara 0-0: Ball
1-0: Called Strike
1-1: Ball
2-1: Foul Ball, location: 2F
2-2: Fly out, F9 (Flyball, 9S)
Batting: RHB Fernando Martínez 0-0: Called Strike
0-1: Ball
1-1: Foul Ball, location: 2F
1-2: Strikes out swinging
Batting: LHB Rubén Aracil 0-0: Foul Ball, location: 2F
0-1: Ball
1-1: Called Strike
1-2: Strikes out swinging
Top of the 3rd over - 0 runs, 0 hits, 0 errors, 0 left on base; Naperville 0 - Phoenix 0
BOTTOM OF THE 3RD
Phoenix Hotspur Reserves batting - Pitching for Naperville Battlekings : RHP Jordan Turpin
Batting: RHB Germán Alfaro 0-0: Called Strike
0-1: Ground out 1-3 (Groundball, P)
Batting: RHB Javier González 0-0: Called Strike
0-1: Foul Ball, location: 2F
0-2: Ball
1-2: Fly out, F1 (Line Drive, 13)
Batting: LHB Derek Blair 0-0: Ball
1-0: Ball
2-0: Swinging Strike
2-1: Ball
3-1: Called Strike
3-2: Base on Balls
Batting: SHB Roberto López 0-0: Ball
1-0: Ball
2-0: Called Strike
2-1: Foul Ball, location: 2F
2-2: Ball
3-2: Foul Ball, location: 2F
3-2: Base on Balls
Derek Blair to second
Batting: RHB Rubén Andrada 0-0: Ball
1-0: Called Strike
1-1: Fly out, F3 (Line Drive, 3)
Bottom of the 3rd over - 0 runs, 0 hits, 0 errors, 2 left on base; Naperville 0 - Phoenix 0
TOP OF THE 4TH
Naperville Battlekings batting - Pitching for Phoenix Hotspur Reserves : RHP Titus Parson
Batting: LHB Arthur Ryan 0-0: Ground out 3-1 (Groundball, 34S)
Batting: LHB Ferris Minor 0-0: Called Strike
0-1: Ball
1-1: Ball
2-1: Fly out, F9 (Flyball, 9)
Batting: RHB Bill Rinck 0-0: Called Strike
0-1: Ball
1-1: Ball
2-1: Ground out 4-3 (Groundball, 4)
Top of the 4th over - 0 runs, 0 hits, 0 errors, 0 left on base; Naperville 0 - Phoenix 0
BOTTOM OF THE 4TH
Phoenix Hotspur Reserves batting - Pitching for Naperville Battlekings : RHP Jordan Turpin
Batting: LHB Clark Espinosa 0-0: Ball
1-0: Foul Ball, location: 2F
1-1: Ground out 4-3 (Groundball, 4)
Batting: LHB Harumi Takaki 0-0: Ball
1-0: Called Strike
1-1: Swinging Strike
1-2: Strikes out swinging
Batting: RHB Júlio Mateo 0-0: Foul Ball, location: 2F
0-1: Swinging Strike
0-2: Ball
1-2: Fly out, F4 (Popup, 4M)
Bottom of the 4th over - 0 runs, 0 hits, 0 errors, 0 left on base; Naperville 0 - Phoenix 0
TOP OF THE 5TH
Naperville Battlekings batting - Pitching for Phoenix Hotspur Reserves : RHP Titus Parson
Batting: LHB Juan Villanueva 0-0: Ball
1-0: Ball
2-0: Called Strike
2-1: Fly out, F8 (Line Drive, 8RD)
Batting: RHB Jorge Baker 0-0: Ball
1-0: Called Strike
1-1: Swinging Strike
1-2: Strikes out swinging
Batting: LHB Philip Strickland 0-0: Called Strike
0-1: Ball
1-1: Foul Ball, location: 2F
1-2: Strikes out swinging
Top of the 5th over - 0 runs, 0 hits, 0 errors, 0 left on base; Naperville 0 - Phoenix 0
BOTTOM OF THE 5TH
Phoenix Hotspur Reserves batting - Pitching for Naperville Battlekings : RHP Jordan Turpin
Batting: RHB Bob Curry 0-0: Foul Ball, location: 2F
0-1: Foul Ball, location: 2F
0-2: Strikes out swinging
Batting: RHB Germán Alfaro 0-0: Swinging Strike
0-1: Swinging Strike
0-2: Ball
1-2: Ball
2-2: Strikes out swinging
Batting: RHB Javier González 0-0: Foul Ball, location: 2F
0-1: Ground out 4-3 (Groundball, 4)
Bottom of the 5th over - 0 runs, 0 hits, 0 errors, 0 left on base; Naperville 0 - Phoenix 0
TOP OF THE 6TH
Naperville Battlekings batting - Pitching for Phoenix Hotspur Reserves : RHP Titus Parson
Batting: RHB Hirohisa Ogasawara 0-0: Ball
1-0: Ball
2-0: Called Strike
2-1: SINGLE (Flyball, 9S)
Batting: RHB Fernando Martínez 0-0: Bunted foul
0-1: Sac Bunt - play at first, batter OUT! 5-4
Hirohisa Ogasawara to second
Batting: LHB Rubén Aracil 0-0: Called Strike
0-1: Called Strike
0-2: Strikes out swinging
Batting: LHB Arthur Ryan 0-0: Ball
1-0: Foul Ball, location: 2F
1-1: Ball
2-1: Swinging Strike
2-2: Foul Ball, location: 2F
2-2: Ball
3-2: Strikes out swinging
Top of the 6th over - 0 runs, 1 hit, 0 errors, 1 left on base; Naperville 0 - Phoenix 0
BOTTOM OF THE 6TH
Phoenix Hotspur Reserves batting - Pitching for Naperville Battlekings : RHP Jordan Turpin
Batting: LHB Derek Blair 0-0: Foul Ball, location: 2F
0-1: Ball
1-1: Called Strike
1-2: Ball
2-2: Ball
3-2: Base on Balls
Batting: SHB Roberto López 0-0: Ball
1-0: Ball
2-0: Bunt - Flyout! F2
Batting: RHB Rubén Andrada 0-0: Ball
1-0: Called Strike
1-1: Called Strike
1-2: SINGLE (Groundball, 3D)
Derek Blair to second
Runner from 2nd tries for 3rd, SAFE, no throw
Batting: LHB Clark Espinosa 0-0: Called Strike
0-1: Ball
1-1: Ball
2-1: Fly out, F9 (Flyball, 89M)
Throwing error, E9
Derek Blair scores
Rubén Andrada to second
Batting: LHB Harumi Takaki 0-0: Ball
1-0: Foul Ball, location: 2F
1-1: Foul Ball, location: 2F
1-2: Strikes out swinging
Bottom of the 6th over - 1 run, 1 hit, 1 error, 1 left on base; Naperville 0 - Phoenix 1
TOP OF THE 7TH
Naperville Battlekings batting - Pitching for Phoenix Hotspur Reserves : RHP Titus Parson
Batting: LHB Ferris Minor 0-0: Foul Ball, location: 2F
Error on foul ball, E2
0-2: Strikes out swinging
Batting: RHB Bill Rinck 0-0: Fly out, F9 (Flyball, 9LM)
Batting: LHB Juan Villanueva 0-0: Ball
1-0: Called Strike
1-1: Foul Ball, location: 2F
1-2: SINGLE (Line Drive, 7LS)
Batting: RHB Jorge Baker 0-0: Called Strike
0-1: Ball
1-1: Called Strike
1-2: Ball
2-2: Strikes out swinging
Top of the 7th over - 0 runs, 1 hit, 1 error, 1 left on base; Naperville 0 - Phoenix 1
BOTTOM OF THE 7TH
Phoenix Hotspur Reserves batting - Pitching for Naperville Battlekings : RHP Jordan Turpin
Batting: RHB Júlio Mateo 0-0: Ball
1-0: Called Strike
1-1: Ball
2-1: SINGLE (Groundball, 56D)
Batting: RHB Bob Curry 0-0: Sac Bunt - play at second, runner OUT! 2-6
Batting: RHB Germán Alfaro 0-0: Ball
1-0: Called Strike
1-1: Ball
2-1: Ball
3-1: Swinging Strike
3-2: Foul Ball, location: 2F
3-2: Base on Balls
Bob Curry to second
Pinch Hitting: RHB Jesús Mejía 0-0: Ball
1-0: Called Strike
1-1: Called Strike
1-2: Foul Ball, location: 2F
1-2: Ball
2-2: Ball
3-2: SINGLE (Line Drive, 34D)
Bob Curry to third
Germán Alfaro to second
Runner from 3rd tries for Home, SAFE, no throw
Batting: LHB Derek Blair 0-0: Ball
1-0: Foul Ball, location: 2F
1-1: Swinging Strike
Passed Ball!
Germán Alfaro to third
Jesús Mejía to second
1-2: Foul Ball, location: 2F
1-2: Ball
2-2: Foul Ball, location: 2F
2-2: Ball
3-2: Fly out, F6 (Line Drive, 6)
Lined into DP, 6-4 (Line Drive, 6)
Bottom of the 7th over - 1 run, 2 hits, 0 errors, 1 left on base; Naperville 0 - Phoenix 2
TOP OF THE 8TH
Naperville Battlekings batting - Pitching for Phoenix Hotspur Reserves : RHP Titus Parson
Now in LF: Richard Alpert
Batting: LHB Philip Strickland 0-0: Ball
1-0: Ball
2-0: Swinging Strike
2-1: Foul Ball, location: 2F
2-2: Ground out 3-1 (Groundball, 34S)
Batting: RHB Hirohisa Ogasawara 0-0: SINGLE (Line Drive, 56)
Batting: RHB Fernando Martínez 0-0: Ball
1-0: Foul Ball, location: 2F
1-1: Foul Ball, location: 2F
1-2: SINGLE (Groundball, 56) (infield hit)
Hirohisa Ogasawara to second
Batting: LHB Rubén Aracil 0-0: Foul Ball, location: 2F
0-1: SINGLE (Line Drive, 8RS)
Hirohisa Ogasawara to third
Fernando Martínez to second
Runner from 3rd tries for Home, throw and OUT!
Batting: LHB Arthur Ryan 0-0: Called Strike
0-1: Ground out 4-3 (Groundball, 4S)
Top of the 8th over - 0 runs, 3 hits, 0 errors, 2 left on base; Naperville 0 - Phoenix 2
BOTTOM OF THE 8TH
Phoenix Hotspur Reserves batting - Pitching for Naperville Battlekings : RHP Jordan Turpin
Pitching: LHP Chris Rogers
Batting: SHB Roberto López 0-0: Called Strike
0-1: Foul Ball, location: 2F
0-2: Ball
1-2: SINGLE (Line Drive, 56D)
Batting: RHB Rubén Andrada 0-0: Ball
1-0: Called Strike
1-1: Ball
2-1: SINGLE (Line Drive, 8LS)
Roberto López to second
Pinch Hitting: RHB Satoshi Terada 0-0: Ball
1-0: Foul Ball, location: 2F
1-1: Ball
2-1: Ball
3-1: SINGLE (Groundball, 4MD)
Roberto López to third
Rubén Andrada to second
Runner from 3rd tries for Home, SAFE, no throw
Batting: LHB Harumi Takaki 0-0: Ground out 6-3 (Groundball, 6S)
Rubén Andrada to third
Satoshi Terada to second
Batting: RHB Júlio Mateo 0-0: Intentional Walk
Batting: RHB Bob Curry 0-0: Ball
1-0: Ball
2-0: Fly out, F5 (Line Drive, 5S)
Batting: RHB Germán Alfaro 0-0: Called Strike
0-1: SINGLE (Groundball, 56D)
Rubén Andrada scores
Satoshi Terada to third
Júlio Mateo to second
Batting: LHB Richard Alpert 0-0: Called Strike
0-1: Ball
1-1: Called Strike
1-2: Fly out, F6 (Popup, 6MD)
Bottom of the 8th over - 2 runs, 4 hits, 0 errors, 3 left on base; Naperville 0 - Phoenix 4
TOP OF THE 9TH
Naperville Battlekings batting - Pitching for Phoenix Hotspur Reserves : RHP Titus Parson
Now at 3B: Larry Bryant
Batting: LHB Ferris Minor 0-0: Swinging Strike
0-1: Called Strike
0-2: Ball
1-2: Ball
2-2: Strikes out swinging
Batting: RHB Bill Rinck 0-0: Ball
1-0: Ball
2-0: Ball
3-0: Base on Balls
Pitching: RHP Dylan Guérin
Batting: LHB Juan Villanueva 0-0: Ball
1-0: Foul Ball, location: 2F
1-1: Ball
2-1: Called Strike
2-2: Fielders Choice at 2nd, 4-6 (Groundball, 4)
Batting: RHB Jorge Baker 0-0: DOUBLE (Line Drive, 9LM)
Juan Villanueva to third
Pitching: RHP Dennis Dunn
Batting: LHB Philip Strickland 0-0: Ground out 4-3 (Groundball, 4)
Top of the 9th over - 0 runs, 1 hit, 0 errors, 2 left on base; Naperville 0 - Phoenix 4
Tuesday, December 19th, 2017 - OOTP Baseball 18.8 Build 76